 Dungeon Crawl Stone Soup version 0.18-a0-1577-gf591c28 (webtiles) character file.

77 M4edhros the Sneak (level 4, -1/28 HPs)
             Began as an Octopode Artificer on Mar 19, 2016.
             Slain by a goblin (4 damage)
             ... led by Robin
             ... on level 2 of the Dungeon.
             The game lasted 00:01:03 (667 turns).

M4edhros the Sneak (Octopode Artificer)              Turns: 667, Time: 00:01:03

Health: -1/28      AC:  1    Str: 10    XL:     4   Next: 33%
Magic:  6/6        EV: 18    Int: 15    God:
Gold:   55         SH:  0    Dex: 17    Spells: 0 memorised, 3 levels left

rFire  . . .     SeeInvis .     a - +0 short sword
rCold  . . .     Gourm    .     (no shield)
rNeg   . . .     Faith    .     (helmet restricted)
rPois  .         Spirit   .     (no amulet)
rElec  .         Dismiss  .     (no ring)
rCorr  .         Reflect  .     (no ring)
SustAt .         Harm     .     (no ring)
MR     .....                    (no ring)
Stlth  ++++++....               (no ring)
                                (no ring)
                                (no ring)
                                (no ring)

@: agile, flying, not resistant to hostile enchantments, very stealthy
A: almost no armour, amphibious, 8 rings, constrict 8, camouflage 1, gelatinous
body 1
a: no special abilities


You were on level 2 of the Dungeon.
You were not hungry.

You visited 1 branch of the dungeon, and saw 2 of its levels.

You collected 55 gold pieces.

Inventory:

Hand Weapons
 a - a +0 short sword (weapon)
Missiles
 q - 8 javelins (quivered)
Wands
 b - a wand of flame (15/48)
 c - a wand of enslavement (15/24)
 d - a wand of random effects (15/48)
Scrolls
 e - a scroll of recharging {unknown}
 i - 2 scrolls of amnesia {unknown}
 k - a scroll of fog {unknown}
 n - a scroll of immolation {unknown}
 o - a scroll of identify {unknown}
Potions
 h - 2 potions of flight
 j - a potion of curing {unknown}
 m - a potion of cancellation {unknown}
 p - a potion of agility
Comestibles
 f - 2 bread rations
 g - a meat ration
 l - 2 fruits


   Skills:
 - Level 1.0 Fighting
 - Level 1.0 Short Blades
 - Level 2.0 Dodging
 + Level 5.8 Stealth
 - Level 3.2 Evocations


You had 3 spell levels left.
You didn't know any spells.

Dungeon Overview and Level Annotations

Branches:
Dungeon (2/15)

Altars:


Innate Abilities, Weirdness & Mutations

You cannot wear most types of armour.
You are amphibious.
You can wear up to eight rings at the same time.
You can use your tentacles to constrict eight enemies at once.
Your skin changes colour to match your surroundings (Stealth).
Your rubbery body absorbs attacks (AC +1).


Message History

The goblin barely misses you.
You closely miss the goblin. Your grab misses the goblin.
The goblin is severely wounded.
The goblin closely misses you.
You closely miss the goblin.
The goblin shouts!
You grab the goblin.
The goblin is severely wounded.
You constrict the goblin.
You kill the goblin!
Drink which item? (? for menu, Esc to quit)
It was a potion of flight.
You feel very buoyant.
You fly up into the air.
Drink which item? (? for menu, Esc to quit)
It was a potion of agility.
You feel agile all of a sudden.
You miss the goblin. You grab the goblin. You constrict the goblin.
The goblin hits you.
You die...

####### #.....# ####
#.....# #... #.....###
#(.. #.....#@# #...
#.....#g# #...##g..g.#.#
#### . #....g.g...%.###..#
###.
...#...$l.gg..#..##..##...
#.........#####.##....>#
##.................#..#
#...##.#...###........#
#... #...#.# #........#


You could see a goblin.

Vanquished Creatures
  Natasha (D:2)
  Robin (D:2)
  A dart slug (D:1)
  2 giant geckos
  12 goblins
  8 hobgoblins
  5 kobolds (D:1)
  A quokka (D:2)
  2 bats (D:1)
  A giant newt (D:2)
  3 rats (D:1)
37 creatures vanquished.

Notes
Turn   | Place    | Note
--------------------------------------------------------------
     0 | D:1      | M4edhros the Octopode Artificer began the quest for the Orb.
     0 | D:1      | Reached XP level 1. HP: 13/13 MP: 3/3
    30 | D:1      | Reached skill level 2 in Stealth
    88 | D:1      | Reached skill level 3 in Stealth
    88 | D:1      | Reached XP level 2. HP: 18/18 MP: 4/4
   266 | D:1      | Reached skill level 4 in Stealth
   391 | D:1      | Reached XP level 3. HP: 20/23 MP: 5/5
   602 | D:2      | Noticed Natasha
   611 | D:2      | Killed Natasha
   611 | D:2      | Reached skill level 5 in Stealth
   621 | D:2      | Noticed Robin
   640 | D:2      | Reached XP level 4. HP: 18/28 MP: 6/6
   658 | D:2      | Killed Robin
   667 | D:2      | Slain by a goblin

Vault maps used:
D:1:      elethiomel_arrival_quiet
D:2:      overflow_temple_1_default, xom_teletrap_fun, first_bread,
          minmay_misc_feat_x, uniq_terence, uniq_iyjb, uniq_robin, uniq_natasha

Skill      XL: |  1  2  3 |
---------------+----------+-----
Stealth        | 3 4 5 |  5.8
Fighting       | |  1.0
Short Blades   | |  1.0
Dodging        | |  2.0
Evocations     | |  3.2

Action                   |  1- 3 |  4- 6 || total
-------------------------+-------+-------++-------
Melee: Short sword       |    54 |    23 ||    77
  Use: Potion            |       |     2 ||     2
 Stab: Sleeping          |    10 |       ||    10
